 Dungeon Crawl Stone Soup version 0.31-a0-358-gac0dbeb3ab (webtiles) character file.

Game seed: 8165544729129907289

25 Hopiakuusi the Trooper (level 2, 0/27 HPs)
             Began as an Armataur Berserker on July 26, 2023.
             Was a Follower of Trog.
             Slain by a gnoll
             ... wielding a +0 spear
              (5 damage)
             ... on level 2 of the Dungeon.
             The game lasted 00:09:19 (1004 turns).

Hopiakuusi the Trooper (Armataur Berserker)         Turns: 1004, Time: 00:09:20

Health: 0/27       AC:  6    Str: 22    XL:     2   Next: 86%
Magic:  2/2        EV:  9    Int:  7    God:    Trog [*.....]
Gold:   53         SH:  0    Dex:  9    Spells: 1/1 levels left

rFire   . . .        e - +0 short sword
rCold   . . .        (no shield)
rNeg    . . .        a - +0 animal skin
rPois   .            (no helmet)
rElec   .            (no cloak)
rCorr   .            j - +1 pair of gloves
SInv    .            (no barding)
Will    .....        (no amulet)
Stlth   +            (no ring)
HPRegen 0.24/turn    (no ring)
MPRegen 0.08/turn

%: roll
@: no status effects
A: large, rugged brown scales 3, deformed body, armoured tail, roll, long
tongue, awkward tongue
a: Renounce Religion, Berserk


You were on level 2 of the Dungeon.
You worshipped Trog.
Trog was aware of your devotion.
You visited 1 branch of the dungeon, and saw 2 of its levels.

You collected 53 gold pieces.

Inventory:

Hand Weapons
 e - a +0 short sword (weapon)
Armour
 a - a +0 animal skin (worn)
 j - a +1 pair of gloves (worn)
Scrolls
 c - 2 scrolls of identify {unknown}
 d - a scroll of poison {unknown}
 f - a scroll of fog {unknown}
 g - a scroll of vulnerability {unknown}
 h - a scroll of blinking {unknown}
Potions
 b - a potion of attraction {unknown}
 i - a potion of brilliance {unknown}


   Skills:
 + Level 3.1 Fighting
 * Level 0.6 Short Blades
 + Level 2.7 Armour
 + Level 1.6 Dodging
 - Level 2.9 Unarmed Combat


You had one spell level left.
You didn't know any spells.
Your spell library was empty.

Dungeon Overview and Level Annotations

Branches:
Dungeon (2/15)

Altars:
Wu Jian


Innate Abilities, Weirdness & Mutations

You are completely covered in rugged brown scales. (AC +3, +7% HP)
Armour fits poorly on your strangely shaped body.
You have a long armoured tail.
You roll when moving toward enemies. (Rampage)
Your long tongue fully drains potion bottles. (2x potion effects)
Your tongue gives you trouble enunciating. (1.5x scroll delay)


Message History

The gnoll hits you but does no damage.
There is a stone staircase leading up here.
You roll towards the gnoll!
You hit the gnoll.
The gnoll is lightly wounded.
The gnoll hits you but does no damage.
The gnoll hits you from afar with a +0 halberd!
You hit the gnoll but do no damage.
The gnoll is lightly wounded.
The gnoll hits you but does no damage. The gnoll closely misses you.
You barely miss the gnoll.
The gnoll is lightly wounded.
The gnoll barely misses you.
You hit the gnoll but do no damage.
The gnoll is lightly wounded.
The gnoll hits you with a +0 spear. The gnoll barely misses you.
You hit the gnoll.
The gnoll is moderately wounded.
The gnoll closely misses you.
You closely miss the gnoll.
The gnoll is moderately wounded.
The gnoll barely misses you. x2
You hit the gnoll but do no damage.
The gnoll is moderately wounded.
The gnoll barely misses you.
You barely miss the gnoll.
The gnoll is moderately wounded.
The gnoll hits you with a +0 spear.
The gnoll hits you from afar with a +0 halberd.
You are too injured to fight recklessly!
You are too injured to fight recklessly!
You are too injured to fight recklessly!
You hit the gnoll but do no damage.
The gnoll is moderately wounded.
The gnoll hits you with a +0 spear.
* * * LOW HITPOINT WARNING * * *
The gnoll hits you from afar with a +0 halberd.
* * * LOW HITPOINT WARNING * * *
There is a stone staircase leading up here.
The gnoll hits you from afar with a +0 spear.
You die...

##.#.##
##.###.## ##.##
##.### #.##
##..#
##.#####.#.#
##g....##)#
##g###.##.#
##.##
##.#.####.##
#@##
##......... #.#
#..#####.## #.#
#...g....( ##.
......g....
.(............
#.#..._........
#.#............
.#............
#.##.##...>l.


You could see 2 gnolls.

Vanquished Creatures
  A gnoll (D:2)
  3 ball pythons (D:1)
  A giant cockroach (D:1)
  A goblin (D:1)
  A quokka (D:1)
  2 bats (D:1)
  4 frilled lizards (D:1)
  2 kobolds (D:1)
  2 rats (D:1)
17 creatures vanquished.

Notes
Turn   | Place    | Note
-------+----------+-------------------------------------------
     0 | D:1      | Hopiakuusi the Armataur Berserker began the quest for the
                  | Orb.
     0 | D:1      | Reached XP level 1. HP: 19/19 MP: 1/1
   206 | D:1      | Reached XP level 2. HP: 26/26 MP: 2/2
   546 | D:1      | Reached skill level 3 in Fighting
   970 | D:2      | Found an ornate altar of the Wu Jian Council.
  1004 | D:2      | Slain by a gnoll

Illustrated notes

Levels and vault maps discovered:
D:1:      kennysheep_arrival_seaside, layout_loops_ring,
          chequers_serial_rivers_room_a, nicolae_eternal_life,
          palyth_stone_intersect, nicolae_titane
D:2:      layout_loops_cross, basic_altar, corner_web_ring

Skill      XL: |  1  2 |
---------------+-------+-----
Fighting       | 3 |  3.1
Short Blades   | |  0.6
Armour         | |  2.7
Dodging        | |  1.6
Unarmed Combat | |  2.9

Action                     || total
---------------------------++-------
  Melee: Unarmed           ||    24
         Tailslap          ||     6
         Short sword       ||    46
   Stab: Sleeping          ||     1
 Armour: Animal skin       ||    17
  Dodge: Dodged            ||    38

Table legend: (Time is in decaauts)
 A = Elapsed time spent in this place.
 B = Non-inter-level travel time spent in this place.
 C = Inter-level travel time spent in this place.
 D = Time resting spent in this place.
 E = Time spent auto-exploring this place.
 F = Levels seen in this place.
 G = Mean time per level.
                   A        B        C        D        E       F      G
               +--------+--------+--------+--------+--------+-----+--------+
         Total |   1001 |   1001 |      0 |      0 |    784 |   2 |  500.5 |
       Dungeon |   1001 |   1001 |      0 |      0 |    784 |   2 |  500.5 |
               +--------+--------+--------+--------+--------+-----+--------+

Top non-repeatable levels by time:
     D:1: 951 daAuts
     D:2: 50 daAuts
